Unix NetHack Version 5.0.0-0 post-release - last build May  4 2026 22:22:43 (774f63e81ad911689b3a0859ea89b322d5daca8d,branch:main).

Game began 2026-05-05 11:40:59, ended 2026-05-06 06:05:35.

BSL2425737, lawful female dwarven Valkyrie

                             ---
                            --.-----
                           --......--
                           |......?.|
                           |.+......----
                           |...........--
                     --..  --...........|
         --...   -----....  |..<.......-|
         .....----.......-- |...........--  |.
         -....||..........---............-- |.-
          -...--.....--...................---e| -----
          |..........--.....--..*...).......Z@| |...--
          |.......... ......|---..........Z.:-- |....---
          --................-- --.......G....----.......|
           ---........ ......- -..-.----G...............|
             ----...................|  --......*.......-
              --...).........- ..----   |............---
---------------.............--  -       |............|
|..|................%......--           --..|.|......|
|..........)----------..|.--             -------.|.---
-------------        ------                    -----
BSL2425737 the Skirmisher   St:18/03 Dx:12 Co:18 In:9 Wi:7 Ch:8  Lawful
Dlvl:4  $:34 HP:0(34) Pw:6(6) AC:6  Xp:4 T:1774 

Latest messages:
 You have a little trouble lifting 9 elven arrows.  Continue? [ynq] (q) n
 You see here a spear.
 You have a little trouble lifting a spear.  Continue? [ynq] (q) n
 You hit the kobold mummy!
 You destroy the kobold mummy!
 You have a little trouble lifting a kobold corpse.  Continue? [ynq] (q) n
 You see here a leathery spellbook.
 You see here a leathery spellbook.
 You have a little trouble lifting a leathery spellbook.  Continue? [ynq] (q) n
 The grid bug triggers a trap but nothing happens.
 The grid bug bites!
 You get zapped!
 You miss the grid bug.
 The grid bug bites!
 You get zapped!
 You kill the grid bug!
 You swap places with the peaceful gnome.
 The iguana bites!
 You see here 10 rocks.
 You stop.  The gnome is in the way!
 You kill the iguana!
 You see here 10 rocks.
 You miss the floating eye.
 You are frozen by the floating eye's gaze!
 You hear some noises in the distance.
 It hits the elf zombie.
 The elf zombie hits!
 The elf zombie hits!
 The elf zombie hits!
 The elf zombie hits!
 The elf zombie hits!
 The elf zombie hits!
 The newt bites!
 The elf zombie hits!
 The newt bites!
 The elf zombie hits!
 The newt bites!
 The newt bites!
 The elf zombie hits!
 The newt bites!
 The elf zombie hits!
 The newt bites!
 The elf zombie hits!
 The newt bites!
 You die...
 Do you want your possessions identified? [ynq] (y) y
 Do you want to see your attributes? [ynq] (y) y
 Do you want an account of creatures vanquished? [ynaq] (y) y
 Do you want to see your conduct and achievements? [ynq] (y) y
 Do you want to see the dungeon overview? [ynq] (y) y

Inventory:
 Coins    ('$')
  $ - 34 gold pieces
 Weapons  (')')
  b - a +0 dagger (alternate weapon; not wielded)
  a - a +1 dwarvish spear (weapon in right hand)
  g - a cursed +0 spear
 Armor    ('[')
  t - an uncursed +0 shield of drain resistance
  c - an uncursed +3 small shield (being worn)
 Scrolls  ('?')
  n - a blessed scroll of amnesia
 Potions  ('!')
  d - an uncursed potion of water
 Tools    ('(')
  s - an uncursed locked chest containing 3 items
  h - a cursed figurine of an ettin mummy
  e - an uncursed oil lamp (lit)
  l - an uncursed stethoscope
  i - a cursed tinning kit (0:47)
 Gems/Stones  ('*')
  f - an uncursed worthless piece of green glass
  j - a cursed worthless piece of yellowish brown glass

Contents of the chest:
  a cursed scroll of enchant weapon
  an uncursed potion of healing
  a wand of digging (0:7)

BSL2425737 the Valkyrie's attributes:

Background:
 You were a Skirmisher, a level 4 dwarven Valkyrie.
 You were lawful, nominally on a mission for Tyr
 who was opposed by Odin (neutral) and Loki (chaotic).
 You were right-handed.
 You were in the Gnomish Mines, on level 4.
 You entered the dungeon 1774 turns ago.
 You had 108 experience points, 52 more were needed to attain level 5.

Basics:
 You had 0 out of 34 hit points.
 You had all 6 energy points (spell power).
 Your armor class was 6.
 Your wallet contained 34 zorkmids.
 Autopickup was off.

Final Characteristics:
 Your strength was 18/03 (limit:18/100).
 Your dexterity was 12 (limit:20).
 Your constitution was 18 (limit:20).
 Your intelligence was 9 (limit:16).
 Your wisdom was 7 (limit:16).
 Your charisma was 8 (limit:16).

Final Status:
 You weren't hungry.
 You were unencumbered.
 You were wielding a spear.
 You had basic skill with spear.

Final Attributes:
 You were devoutly aligned.
 You were cold resistant.
 You had infravision.
 You were stealthy.
 You are dead.

Miscellaneous:
 You didn't encounter any bones levels.
 Total elapsed playing time was 1 hour, 19 minutes and 9 seconds.

Major events:
 Turn
    1: BSL2425737 the lawful dwarven Valkyrie entered the dungeon
 1182: attained the rank of Skirmisher (level 3)
 1325: entered the Gnomish Mines
 1774: killed by a newt, while frozen by a floating eye's gaze

You didn't know any spells.

Skills:
 Fighting Skills
   bare handed combat [Unskilled]
   two weapon combat  [Unskilled]
   riding             [Unskilled]
 Weapon Skills
   dagger             [Basic]
   axe                [Unskilled]
   pick-axe           [Unskilled]
   short sword        [Unskilled]
   broadsword         [Unskilled]
   long sword         [Unskilled]
   two-handed sword   [Unskilled]
   saber              [Unskilled]
   hammer             [Unskilled]
   quarterstaff       [Unskilled]
   polearms           [Unskilled]
   spear              [Basic]
   trident            [Unskilled]
   lance              [Unskilled]
   sling              [Unskilled]
 Spellcasting Skills
   attack spells      [Unskilled]
   escape spells      [Unskilled]

Voluntary challenges:
 Character rerolling was not enabled.
 You were vegetarian.
 You were an atheist.
 You were illiterate.
 You never genocided any monsters.
 You never polymorphed an object.
 You never changed form.
 You used no wishes.
Achievements:
 You entered a shop.
 You attained the rank of Skirmisher.
 You entered the Gnomish Mines.

 The Dungeons of Doom: levels 1 to 4
    Level 1:
       A grave.
    Level 2:
       Some fountains.
       Stairs down to The Gnomish Mines.
    Level 3:
       An altar, a fountain.
    Level 4:
       An armor shop, a fountain.
 The Gnomish Mines: levels 3 to 4
    Level 3:
    Level 4: <- You were here.
       Final resting place for
          you, killed by a newt, while frozen by a floating eye's gaze.


Vanquished creatures:
  a gnome leader
  a kobold mummy
  a little dog
  2 orc zombies
  3 iguanas
  3 acid blobs
  2 large kobolds
  a cave spider
  a gnome
  2 jackals
  3 foxes
  2 goblins
  3 grid bugs
  2 bats
  2 lichens
  3 newts
32 creatures vanquished.

No species were genocided or became extinct.

Game over:
                       ----------
                      /          \
                     /    REST    \
                    /      IN      \
                   /     PEACE      \
                  /                  \
                  |    BSL2425737    |
                  |      34 Au       |
                  | killed by a newt |
                  |                  |
                  |                  |
                  |                  |
                  |       2026       |
                 *|     *  *  *      | *
        _________)/\\_//(\/(/\)/\//\/|_)_______

Farvel BSL2425737 the Valkyrie...

You died in The Gnomish Mines on dungeon level 4 with 613 points,
and 34 pieces of gold, after 1774 moves.
You were level 4 with a maximum of 34 hit points when you died.

